cohdb
Replays
Latest Replays
All Replays
Popular Replays
Top Player Replays
Match Explorer
How It Works
Community
CoH3 Stats
Reddit
Sign in to upload your games and track your stats! →
Sign in with Steam
Match 25333421
Unlisted
Match 25333421
Overview
Messages
Build Orders
End
Panzergrenadier Squad
250 Light Carrier
Panzergrenadier Squad
Construct Light Support Kompanie
MG34 Team
Selects Italian Infantry
Selects Defensive Operations
Panzerjäger Squad
Fire Support Elements
le.IG 18 Mechanized Group
Selects Guastatori Squad
Guastatori Squad
Selects Registered Artillery
Selects Towed Cannone da 105/28 Field Howitzer
Towed Cannone da 105/28 Field Howitzer
Construct Mechanized Kompanie
Marder III Tank Destroyer
Selects Prepared Positions
Some Pig
Some Squid
Some Chicken
YangXYZ
joker
Carecup
0
0
Comments
sign in to comment!
No comments posted yet!